 Dungeon Crawl Stone Soup version 0.24-a0-342-gad4687c37d (webtiles) character file.

Game seed: 13044284042674427006

2223 mhoghedin the Quickloader (level 9, -1/59 HPs)
             Began as a Mummy Wanderer on May 21, 2019.
             Was an Initiate of Gozag.
             Slain by a hog (4 damage)
             ... on level 7 of the Dungeon.
             The game lasted 00:11:59 (7375 turns).

mhoghedin the Quickloader (Mummy Wanderer)          Turns: 7375, Time: 00:12:00

Health: -1/59      AC:  6    Str: 19    XL:     9   Next: 13%
Magic:  0/9        EV: 10    Int: 11    God:    Gozag
Gold:   208        SH:  0    Dex: 13    Spells: 8/8 levels left

rFire    x . .     SeeInvis .   a - +0 flail (venom)
rCold    + . .     Gourm    .   (no shield)
rNeg     + + +     Faith    .   d - +0 ring mail
rPois    ∞         Spirit   +   l - +1 hat
rElec    .         Reflect  .   q - scarf {Spirit}
rCorr    .         Harm     .   (no gloves)
MR       +....                  (no boots)
Stlth    +.........             (no amulet)
HPRegen  0.19/turn              i - ring of wizardry {Wiz+, !d}
MPRegen  0.11/turn              n - +2 ring of intelligence

@: no status effects
A: no food or potions, fire vulnerability, cold resistance 1, negative energy
resistance 3, torment resistance, unbreathing
a: Potion Petition, Call Merchant, Bribe Branch, Renounce Religion


You were on level 7 of the Dungeon.
You worshipped Gozag.
Gozag was aware of your devotion.
You were not hungry.

You visited 2 branches of the dungeon, and saw 8 of its levels.

You collected 307 gold pieces.
You paid 99 gold pieces to Gozag.

Inventory:

Hand Weapons
 a - a +0 flail of venom (weapon)
   (You took it off an orc on level 7 of the Dungeon)
 b - a +2 hand crossbow
 r - a +0 flail of protection
   (You found it on level 3 of the Dungeon)
Missiles
 m - 13 bolts
 o - 8 boomerangs (quivered)
Armour
 d - a +0 ring mail (worn)
 l - a +1 hat (worn)
   (You found it on level 3 of the Dungeon)
 q - a scarf of spirit shield (worn)
   (You found it on level 6 of the Dungeon)
Jewellery
 i - a ring of wizardry (left hand) {Wiz+, !d}
   (You found it on level 2 of the Dungeon)
 n - a +2 ring of intelligence (right hand)
   (You found it on level 7 of the Dungeon)
Wands
 s - a wand of flame (13)
   (You found it on level 7 of the Dungeon)
Scrolls
 c - a scroll of teleportation
 e - 5 scrolls of identify
 f - 2 scrolls of fog
 g - 2 scrolls of amnesia
 h - a scroll of magic mapping {!r}
 j - a scroll of fear
 k - 5 scrolls of remove curse
 p - a scroll of vulnerability {!r!r}
 t - a scroll of blinking {!r}
 v - 3 scrolls of immolation {unknown}
 w - a scroll of noise {unknown}


   Skills:
 - Level 1.0 Fighting
 + Level 6.2 Maces & Flails
   Level 1.5 Bows
 - Level 8.1 Crossbows
 - Level 1.0 Throwing
 - Level 2.4 Armour
 - Level 1.0 Stealth


You had 8 spell levels left.
You didn't know any spells.
Your spell library was empty.

Dungeon Overview and Level Annotations

Branches:
Dungeon (7/15)             Temple (1/1) D:7

Altars:
Dithmenos
Elyvilon
Gozag
Hepliaklqana
Sif Muna
Xom

Annotations:
D:5 Duvessa, Prince Ribbit


Innate Abilities, Weirdness & Mutations

You do not eat or drink.
Your flesh is vulnerable to fire.
You are immune to poison.
Your flesh is cold resistant. (rC+)
You are immune to negative energy. (rN+++)
You are immune to unholy pain and torment.
You can survive without breathing.


Message History

a - a +0 flail of venom (weapon);
r - a +0 flail of protection You feel clever.
n - a +2 ring of intelligence (right hand)
You hit the hog.
The hog is poisoned.
The hog bites you!
You take 9 damage, and have 45/54 hp.
You now have 7/8 mp.
You hit the hog.
The hog looks as sick as possible!
The hog bites you but does no damage. The hog bites you.
You take 3 damage, and have 42/54 hp.
You now have 6/8 mp.
The hog bites you!
You take 6 damage, and have 36/54 hp.
You now have 5/8 mp.
The hog bites you!
You take 8 damage, and have 29/54 hp.
You now have 4/8 mp.
The hog bites you.
You take 2 damage, and have 27/54 hp.
You kill the hog!
You hit the human.
The human is poisoned.
The human hits you but does no damage.
You thump the human!
The human looks as sick as possible!
The human hits you but does no damage.
You hit the human. The human hits you with a +0 hand axe.
You take 5 damage, and have 23/54 hp.
You now have 5/8 mp.
You barely miss the human. The human hits you but does no damage.
Your ring mail prevents you from hitting the human.
The human hits you but does no damage.
You sock the human!
You kill the human!
You have reached level 9!
Your experience leads to an increase in your attributes!
Your base attributes are Str 18, Int 9, Dex 13.
Increase (S)trength, (I)ntelligence, or (D)exterity?
You feel stronger.
You regained 2 hp, and now have 26/59 hp.
You now have 203 gold pieces (gained 7).
Things that are here:
a +0 hand axe; a +0 animal skin You now have 208 gold pieces (gained 5).
You start resting.
Health restored: 59; MP restored: 9 The hog squeals angrily. x2
The hog is too close now for your liking.
You see here 3 javelins.
A hog is nearby!
A hog is nearby!
What are your orders? t - Shout!
Orders for allies: a - Attack new target. r - Retreat! s - Stop attacking. g - Guard the area. f - Follow me.
Anything else - Cancel.
You shout for attention!
You hear a bellow!
The hog bites you but does no damage.
You sock the hog!
The hog is poisoned.
The hog bites you!
You take 7 damage, and have 52/59 hp.
You now have 8/9 mp.
Your ring mail prevents you from hitting the hog.
The hog bites you. The hog bites you but does no damage.
You take 5 damage, and have 47/59 hp.
The hog bites you!
You take 7 damage, and have 41/59 hp.
You now have 7/9 mp.
The hog barely misses you. The hog bites you! The hog closely misses you.
You take 9 damage, and have 33/59 hp.
You now have 6/9 mp.
The hog bites you!
You take 7 damage, and have 27/59 hp.
You now have 4/9 mp.
The hog completely misses you. The hog bites you. The hog bites you!
* * * LOW HITPOINT WARNING * * *
You take 10 damage, and have 17/59 hp.
You now have 2/9 mp.
The hog barely misses you.
There is a stone staircase leading down here.
You closely miss the hog. The hog bites you but does no damage.
The hog bites you.
* * * LOW HITPOINT WARNING * * *
You take 1 damage, and have 17/59 hp.
You now have 2/9 mp.
You thump the hog!
You kill the hog!
Your Maces & Flails skill increases to level 6!
The hog completely misses you. The hog bites you but does no damage.
The hog bites you but does no damage. The hog bites you!
* * * LOW HITPOINT WARNING * * *
You take 7 damage, and have 12/59 hp.
You now have 2/9 mp.
The hog barely misses you.
You enter the shallow water.
Moving in this stuff is going to be slow.
The hog bites you!
* * * LOW HITPOINT WARNING * * *
You take 8 damage, and have 4/59 hp.
You now have 0/9 mp.
Okay, then.
Aim: a hog The puff of flame misses the hog.
The hog is engulfed in a cloud of scalding steam.
The hog bites you.
* * * LOW HITPOINT WARNING * * *
You take 1 damage, and have 3/59 hp.
Aim: a hog (steam, lightly wounded)
The puff of flame misses the hog.
The hog is engulfed in a cloud of scalding steam.
The hog bites you.
You die...
Your body crumbles into a pile of gold.

.#.h#.%# ####.##.....≈.....##
.#..#%%# #....#####....#####
.##########.#### #..#..######
......!.#......## #....$>....#
................####..........#
................#≈##..........#
................#≈##..........#
................#≈##..........#
......#..)......@h............#
.................≈.##.........#
###...##.>.......≈.##.........#
#...#.........#≈##..........#
#...#.........#≈#..........)#
#.............####.(.....####
#.............####.#((######
##+..............##....(((().#
....#...........###...######.#


You could see a hog.

Vanquished Creatures
  Grinder (D:6)
  A human (D:7)
  2 hogs (D:7)
  2 ice beasts (D:7)
  2 phantoms (D:7)
  A centaur (D:7)
  An ogre (D:6)
  4 bullfrogs
  Dowan (D:5)
  A howler monkey (D:4)
  5 crimson imps
  A bullfrog zombie (D:6)
  An orc priest (D:7)
  A hound (D:4)
  A jelly (D:7)
  3 iguanas
  7 worker ants
  A hound zombie (D:7)
  8 adders
  3 oozes
  3 worms
  A dart slug (D:1)
  2 leopard geckos
  21 orcs
  9 giant cockroaches
  10 hobgoblins
  13 jackals
  5 kobolds
  A quokka (D:7)
  5 bats
  6 frilled lizards
  8 goblins
  A jackal zombie (D:7)
  4 rats
136 creatures vanquished.

Notes
Turn   | Place    | Note
-------+----------+-------------------------------------------
     0 | D:1      | mhoghedin the Mummy Wanderer began the quest for the Orb.
     0 | D:1      | mhoghedin set off with the following items: a +2 hand
                  | crossbow, 26 bolts, a scroll of teleportation, a +0 ring
                  | mail
     0 | D:1      | Reached XP level 1. HP: 15/15 MP: 1/1
   190 | D:1      | Reached skill level 2 in Crossbows
   215 | D:1      | Reached XP level 2. HP: 21/21 MP: 2/2
   489 | D:1      | Reached XP level 3. HP: 21/26 MP: 3/3
   628 | D:2      | Found a hazy altar of Hepliaklqana.
   646 | D:2      | Reached skill level 3 in Crossbows
   837 | D:2      | Found a faded altar of an unknown god.
  1389 | D:3      | Reached XP level 4. HP: 32/32 MP: 4/4
  1841 | D:3      | Reached skill level 4 in Crossbows
  1938 | D:3      | Reached skill level 1 in Maces & Flails
  2213 | D:4      | Reached XP level 5. HP: 25/37 MP: 5/5
  2346 | D:4      | Reached skill level 2 in Maces & Flails
  2635 | D:4      | Reached skill level 3 in Maces & Flails
  2782 | D:4      | Reached XP level 6. HP: 36/43 MP: 6/6
  3076 | D:5      | Entered Level 5 of the Dungeon
  3456 | D:5      | Reached skill level 4 in Maces & Flails
  3589 | D:5      | Noticed Prince Ribbit
  4100 | D:5      | Noticed Dowan
  4101 | D:5      | Noticed Duvessa
  4152 | D:5      | Killed Dowan
  4332 | D:6      | Reached XP level 7. HP: 26/48 MP: 7/7
  4490 | D:6      | Found a shimmering altar of Xom.
  4534 | D:6      | Found a white marble altar of Elyvilon.
  4849 | D:6      | Noticed Grinder
  4862 | D:6      | Paralysed by Grinder for 6 turns
  4868 | D:6      | Killed Grinder
  4868 | D:6      | Reached skill level 5 in Crossbows
  5175 | D:7      | Reached skill level 6 in Crossbows
  5191 | D:7      | Reached XP level 8. HP: 35/54 MP: 5/8
  5684 | D:7      | Reached skill level 7 in Crossbows
  6199 | D:7      | Reached skill level 8 in Crossbows
  6663 | D:7      | Reached skill level 5 in Maces & Flails
  6701 | D:7      | HP: 13/54 [hog (9)]
  6707 | D:7      | HP: 9/54 [hog (4)]
  6716 | D:7      | Found a staircase to the Ecumenical Temple.
  6719 | D:7      | HP: 4/54 [worker ant (2)]
  6720 | Temple   | Entered the Ecumenical Temple
  7000 | Temple   | Became a worshipper of Gozag Ym Sagoz the Greedy
  7152 | D:7      | Reached XP level 9. HP: 26/59 MP: 5/9
  7364 | D:7      | Reached skill level 6 in Maces & Flails
  7370 | D:7      | HP: 12/59 [hog (7)]
  7372 | D:7      | HP: 4/59 [hog (8)]
  7375 | D:7      | Slain by a hog

Levels and vault maps discovered:
D:1:      lemuel_arrival_hallway, layout_rooms
D:2:      layout_basic, lemuel_crystal_altar, first_ration,
          chequers_ecumenical_altar_island, hangedman_glass_garden, minivault_4
D:3:      layout_loops_ring
D:4:      layout_basic
D:5:      layout_gridville, grunt_qazlal_sundering, uniq_duvessa,
          uniq_prince_ribbit1
D:6:      layout_rooms, brannock_xom_greatest_gift, elyvilon_altar_1,
          nicolae_overflow_hidden_temple, uniq_grinder
D:7:      layout_rooms, temple_green, serial_rivers,
          chequers_serial_rivers_micro_a, chequers_serial_rivers_room_a,
          chequers_serial_rivers_micro_e, chequers_serial_rivers_small_3,
          chequers_serial_rivers_micro_e, chequers_serial_rivers_small_3,
          grunt_livestock
Temple:   kb_temple_of_zot

Skill      XL: |  1  2  3  4  5  6  7  8  9 |
---------------+----------------------------+-----
Crossbows      | 2 3 4 6 8 |  8.1
Maces & Flails | 1 3 4 5 6 |  6.2
Fighting       | |  1.0
Bows           | |  1.5
Throwing       | |  1.0
Armour         | |  2.4
Stealth        | |  1.0

Action                   |  1- 3 |  4- 6 |  7- 9 || total
-------------------------+-------+-------+-------++-------
Melee: Flail             |       |   168 |   231 ||   399
 Fire: Hand crossbow     |   122 |    59 |    95 ||   276
Throw: Boomerang         |       |    11 |     3 ||    14
       Dart              |       |       |     8 ||     8
       Javelin           |       |       |     3 ||     3
Evoke: Wand              |       |       |     2 ||     2
  Use: Scroll            |       |     1 |     7 ||     8
 Stab: Invisible         |       |       |     1 ||     1
Armor: Ring mail         |    18 |    89 |   140 ||   247
Dodge: Dodged            |    17 |   123 |   145 ||   285

Table legend:
 A = Non-vault XP
 B = Vault XP
 C = Vault XP percentage of total XP
 D = Non-vault monster count
 E = Vault monster count
 F = Vault count percentage of total count
                 A         B        C        D         E       F
            +---------+---------+-------+---------+---------+-------
      Total |    2237 |     940 |  29.6 |     131 |       5 |   3.7
            +---------+---------+-------+---------+---------+-------
        D:1 |      44 |       0 |   0.0 |      23 |       0 |   0.0
        D:2 |      39 |       0 |   0.0 |      18 |       0 |   0.0
        D:3 |     106 |       0 |   0.0 |      22 |       0 |   0.0
        D:4 |     283 |       0 |   0.0 |      15 |       0 |   0.0
        D:5 |     151 |      69 |  31.4 |      10 |       1 |   9.1
        D:6 |     346 |     281 |  44.8 |      12 |       1 |   7.7
        D:7 |    1235 |     590 |  32.3 |      30 |       3 |   9.1
     Temple |      33 |       0 |   0.0 |       1 |       0 |   0.0
            +---------+---------+-------+---------+---------+-------

Levels and vault maps discovered:
D:1:      lemuel_arrival_hallway, layout_rooms
D:2:      layout_basic, lemuel_crystal_altar, first_ration,
          chequers_ecumenical_altar_island, hangedman_glass_garden, minivault_4
D:3:      layout_loops_ring
D:4:      layout_basic
D:5:      layout_gridville, grunt_qazlal_sundering, uniq_duvessa,
          uniq_prince_ribbit1
D:6:      layout_rooms, brannock_xom_greatest_gift, elyvilon_altar_1,
          nicolae_overflow_hidden_temple, uniq_grinder
D:7:      layout_rooms, temple_green, serial_rivers,
          chequers_serial_rivers_micro_a, chequers_serial_rivers_room_a,
          chequers_serial_rivers_micro_e, chequers_serial_rivers_small_3,
          chequers_serial_rivers_micro_e, chequers_serial_rivers_small_3,
          grunt_livestock
Temple:   kb_temple_of_zot

Table legend:
 A = Turns spent in this place as a percentage of turns spent in the entire game.
 B = Non-inter-level travel turns spent in this place as a percentage of non-inter-level travel turns spent in the entire game.
 C = Inter-level travel turns spent in this place as a percentage of turns spent in this place.
 D = Turns resting spent in this place as a percentage of non-inter-level travel turns spent in this place.
 E = Turns spent auto-exploring this place as a percentage of non-inter-level travel turns spent in this place.
 F = Non-inter-level travel turns spent in this place divided by the number of levels of this place that you've seen.
                   A       B       C       D       E      F
               +-------+-------+-------+-------+-------+----------------------
         Total | 100.0 | 100.0 |   2.3 |  40.8 |  39.4 | 901.0
       Dungeon |  96.1 |  96.0 |   2.4 |  38.6 |  41.0 | 988.7
        Temple |   3.9 |   4.0 |   0.0 |  94.1 |   0.0 | 287.0
               +-------+-------+-------+-------+-------+----------------------

Table legend:
 A = Kills in this place as a percentage of kills in entire the game.
 B = Kills by you in this place as a percentage of kills by you in the entire game.
 C = Kills by friends in this place as a percentage of kills by friends in the entire game.
 D = Other kills in this place as a percentage of other kills in the entire game.
 E = Experience gained in this place as a percentage of experience gained in the entire game.
 F = Experience gained in this place divided by the number of levels of this place that you have seen.
                   A       B       C       D       E      F
               +-------+-------+-------+-------+-------+----------------------
         Total | 100.0 | 100.0 |   N/A |   N/A | 100.0 | 397.1
       Dungeon |  99.3 |  99.3 |   N/A |   N/A |  99.0 | 449.1
        Temple |   0.7 |   0.7 |   N/A |   N/A |   1.0 |  33.0
               +-------+-------+-------+-------+-------+----------------------
